 Dungeon Crawl Stone Soup version 0.31.0-9-g3a7656b989 (webtiles) character file.

Game seed: 9288226409396929937

61 qw the Shooter (level 3, 0/20 HPs)
             Began as a Deep Elf Hunter on Feb 2, 2024.
             Slain by Sigmund
             ... wielding a +0 scythe
              (10 damage)
             ... on level 2 of the Dungeon.
             The game lasted 00:00:05 (1191 turns).

qw the Shooter (Deep Elf Hunter)                    Turns: 1191, Time: 00:00:06

Health: 0/20       AC:  6    Str: 10    XL:     3   Next: 83%
Magic:  5/5        EV: 11    Int: 13    God:
Gold:   154        SH:  0    Dex: 18    Spells: 2/2 levels left

rFire   . . .        a - +0 shortbow
rCold   . . .        (shield currently unavailable)
rNeg    . . .        e - +0 ring mail
rPois   .            (no helmet)
rElec   .            f - +0 cloak
rCorr   .            (no gloves)
SInv    .            (no boots)
Will    .....        (no amulet)
Stlth   +            (no ring)
HPRegen 0.23/turn    (no ring)
MPRegen 0.09/turn

%: no passive effects
@: no status effects
A: no striking features
a: no special abilities


You were on level 2 of the Dungeon.
You visited 1 branch of the dungeon, and saw 3 of its levels.

You collected 154 gold pieces.


   Skills:
 - Level 1.5 Fighting
 + Level 7.3 Ranged Weapons
 - Level 2.4 Dodging
 - Level 1.2 Stealth


You had 2 spell levels left.
You didn't know any spells.
Your spell library was empty.

Inventory:

Hand Weapons
 a - a +0 shortbow (weapon)
Armour
 e - a +0 ring mail (worn)
 f - a +0 cloak (worn)
Jewellery
 g - a ring of poison resistance
Scrolls
 c - a scroll of teleportation {unknown}
 d - a scroll of poison {unknown}
Potions
 b - a potion of heal wounds {unknown}
 h - a potion of enlightenment

Dungeon Overview and Level Annotations

Branches:
Dungeon (3/15)

Altars:
Vehumet

Annotations:
D:2 Sigmund


Message History

Enter note: You shoot an arrow.
The arrow hits the adder but does no damage.
The adder barely misses you. The adder closely misses you.
You shoot an arrow. The arrow hits the adder.
The adder is lightly wounded.
Sigmund hits you but does no damage. The adder bites you but does no damage.
You shoot an arrow. The arrow misses the adder.
The adder closely misses you. Sigmund barely misses you.
The adder bites you but does no damage.
You shoot an arrow. The arrow hits the adder!
The adder is almost dead.
The adder barely misses you.
Sigmund hits you from afar with a +0 scythe!
The adder misses you.
You shoot an arrow. The arrow hits the adder.
You kill the adder!
Sigmund closely misses you.
You shoot an arrow. The arrow closely misses Sigmund.
You shoot an arrow. The arrow hits Sigmund.
Sigmund is moderately wounded.
Sigmund barely misses you.
You shoot an arrow. The arrow barely misses Sigmund.
Sigmund hits you from afar with a +0 scythe.
You shoot an arrow. The arrow hits Sigmund.
Sigmund is heavily wounded.
Sigmund hits you but does no damage.
You shoot an arrow. The adder hisses angrily.
The arrow hits Sigmund.
Sigmund is severely wounded.
You shoot an arrow.
The arrow hits Sigmund but does no damage.
Sigmund is severely wounded.
Sigmund closely misses you.
You shoot an arrow. The arrow closely misses Sigmund.
Sigmund hits you from afar with a +0 scythe!
Ouch! That really hurt!
You die...
Sigmund begins carving another notch in his scythe.

## .# ###.#
S########...###
....(S.%@.....#
#.....@#....#.#
##....###...#.#
#.?...
#....#.## ##...
#...##... ##..
##..##.. #.
##)##.# #.
#..##.# #
##....##.#


You could see Sigmund and an adder.

Vanquished Creatures
  2 adders (D:2)
  A dart slug (D:1)
  2 ball pythons (D:1)
  3 bats (D:1)
  3 endoplasms (D:1)
  3 giant cockroaches
  3 goblins
  3 hobgoblins
  4 jackals
  A quokka (D:1)
  3 frilled lizards (D:1)
  5 kobolds
  5 rats
38 creatures vanquished.

Notes
Turn   | Place    | Note
-------+----------+-------------------------------------------
     0 | D:1      | qw the Deep Elf Hunter began the quest for the Orb.
     0 | D:1      | Reached XP level 1. HP: 12/12 MP: 3/3
     0 | D:1      | 0 ||| qw: Version: 0.3-a-155-g5e7d8dd
     0 | D:1      | 0 ||| qw: Game counter: 829
     0 | D:1      | 0 ||| qw: Melee chars always use a shield: true
     0 | D:1      | 0 ||| qw: God list: Okawaru
     0 | D:1      | 0 ||| qw: Allow faded altars: false
     0 | D:1      | 0 ||| qw: Do Orc after clearing Dungeon:15 true
     0 | D:1      | 0 ||| qw: Do second Lair branch before Depths: true
     0 | D:1      | 0 ||| qw: Lair rune preference: random
     0 | D:1      | 0 ||| qw: Goals: Normal
     0 | D:1      | 0 ||| PLANNING D:1-11
   333 | D:1      | Reached XP level 2. HP: 16/16 MP: 4/4
   358 | D:1      | Reached skill level 6 in Ranged Weapons
   514 | D:1      | 514 ||| DROPPING +3 sling.
   878 | D:1      | 878 ||| UPGRADING to +0 ring mail.
   888 | D:1      | 888 ||| DROPPING +0 leather armour.
   889 | D:1      | 889 ||| UPGRADING to +0 cloak.
   894 | D:1      | 894 ||| READING scroll labelled ROXOIMI QEDEJ.
   895 | D:1      | 895 ||| READING scroll labelled COMUABR ZABRERR.
   896 | D:1      | 896 ||| DROPPING scroll of butterflies.
   929 | D:2      | Reached XP level 3. HP: 20/20 MP: 5/5
   930 | D:2      | 930 ||| STAIRDANCE
   937 | D:2      | 937 ||| STAIRDANCE
  1028 | D:2      | You fall into a shaft and drop 1 floor!
  1059 | D:3      | Found a radiant altar of Vehumet.
  1066 | D:3      | 1066 ||| DROPPING +6 ring of intelligence.
  1067 | D:3      | 1067 ||| READING 2 scrolls labelled ABLA SUDWUL.
  1067 | D:3      | 1067 ||| IDENTIFYING coppery potion
  1068 | D:3      | 1068 ||| READING scroll of identify.
  1068 | D:3      | 1068 ||| IDENTIFYING scroll labelled QUUSTR BESYI
  1069 | D:3      | 1069 ||| DROPPING scroll of amnesia.
  1137 | D:2      | Reached skill level 7 in Ranged Weapons
  1174 | D:2      | Noticed Sigmund
  1179 | D:2      | 1179 ||| RETREEEEATING.
  1191 | D:2      | Slain by Sigmund

Levels and vault maps discovered:
D:1:      hellmonk_arrival_library, layout_basic
D:2:      cheibrodos_old_hovel, layout_rooms, nicolae_half_adder,
          uniq_crazy_yiuf_cottage, uniq_natasha, uniq_sigmund
D:3:      layout_rooms, mainiacjoe_overflow_six_doors_small, uniq_ijyb,
          uniq_jessica

Skill      XL: |  1  2  3 |
---------------+----------+-----
Ranged Weapons | 6 7 |  7.3
Fighting       | |  1.5
Dodging        | |  2.4
Stealth        | |  1.2

Action                     || total
---------------------------++-------
   Fire: Shortbow          ||   107
    Use: Scroll            ||     4
 Armour: Leather armour    ||     9
         Ring mail         ||    25
  Dodge: Dodged            ||    47

Table legend:
 A = Non-vault XP
 B = Vault XP
 C = Vault XP percentage of total XP
 D = Non-vault monster count
 E = Vault monster count
 F = Vault count percentage of total count
                 A         B        C        D         E       F
            +---------+---------+-------+---------+---------+-------
      Total |      87 |       1 |   1.1 |      37 |       1 |   2.6
            +---------+---------+-------+---------+---------+-------
        D:1 |      46 |       0 |   0.0 |      27 |       0 |   0.0
        D:2 |      40 |       1 |   2.4 |       9 |       1 |  10.0
        D:3 |       1 |       0 |   0.0 |       1 |       0 |   0.0
            +---------+---------+-------+---------+---------+-------
